 Dungeon Crawl Stone Soup version 0.27-a0-1049-g450f9b2e0d (webtiles) character file.

Game seed: 3205888550094758495

247 tilp the Cutter (level 6, -2/30 HPs)
             Began as a Vine Stalker Brigand on Apr 20, 2021.
             Succumbed to kobold brigand's curare-tipped dart
             ... in a sewer.
             The game lasted 00:05:31 (3241 turns).

tilp the Cutter (Vine Stalker Brigand)              Turns: 3241, Time: 00:05:31

Health: -2/30      AC: 11    Str: 14    XL:     6   Next: 11%
Magic:  0/7        EV: 10    Int: 11    God:
Gold:   269        SH:  0    Dex: 17    Spells: 5/5 levels left

rFire    . . .     SeeInvis .   a - +2 dagger
rCold    + . .     Faith    .   (no shield)
rNeg     . . .     Spirit   +   k - +0 ring mail
rPois    .         Reflect  .   (no helmet)
rElec    .         Harm     .   c - +0 cloak
rCorr    .         Rampage  .   j - +0 pair of gloves
Will     .....                  (no boots)
Stlth    ++........             (no amulet)
HPRegen  1.10/turn              l - +4 ring of protection
MPRegen  0.10/turn              n - ring of protection from cold

@: mighty, lethally poisoned (-2 -> -10), slowed, very slow
A: fangs 2, regeneration 1, magic shield, antimagic bite, no potion heal 2
a: no special abilities


You were in a sewer.
You visited 1 branch of the dungeon, and saw 4 of its levels.
You also visited: Sewer.

You collected 269 gold pieces.

Inventory:

Hand Weapons
 a - a +2 dagger (weapon)
 f - a +0 dagger of speed
Missiles
 b - a throwing net {!f}
 d - 4 poisoned darts (quivered)
 s - 14 boomerangs
Armour
 c - a +0 cloak (worn)
 j - a +0 pair of gloves (worn)
 k - a +0 ring mail (worn)
Jewellery
 l - a +4 ring of protection (left hand)
 n - a ring of protection from cold (right hand)
 q - a ring of protection from cold
Wands
 v - a wand of paralysis (4)
Scrolls
 h - a scroll of vulnerability {unknown}
 i - a scroll of magic mapping
 t - a scroll of enchant weapon {unknown}
 y - a scroll of fog {unknown}
Potions
 g - 2 potions of mutation
 m - a potion of lignification {unknown}
 o - a potion of brilliance
 p - 2 potions of might
 r - a potion of ambrosia {unknown}
 u - 3 potions of magic {unknown}
 w - a potion of heal wounds {unknown}
 x - 2 potions of curing {unknown}


   Skills:
 - Level 1.7 Fighting
 + Level 5.7 Short Blades
 - Level 1.7 Throwing
 - Level 0.7 Dodging
 - Level 4.8 Stealth


You had 5 spell levels left.
You didn't know any spells.
Your spell library was empty.

Dungeon Overview and Level Annotations

Branches:
Dungeon (4/15)              Sewer (1/1)
 Temple: D:4-7

Altars:


Innate Abilities, Weirdness & Mutations

You have extremely sharp teeth.
Your natural rate of healing is unusually fast.
When hurt, damage is shared between your health and your magic reserves.
Your bite disrupts and absorbs the magic of your enemies.
Potions cannot restore your health.


Message History

You feel very sick. x2
A kobold brigand is nearby!
Throw: dart (curare) {!f}
Press: ? - help, Shift-Dir - straight line, f - kobold brigand
Aim: a kobold brigand, wielding a +0 short sword and quivering poisoned darts (51% to hit)
You throw a curare-tipped dart {!f}.
The curare-tipped dart {!f} hits the kobold brigand.
The kobold brigand is poisoned.
The kobold brigand convulses.
The kobold brigand seems to slow down.
The kobold brigand is moderately wounded.
You feel sick.
Aiming: Paralyse
Press: ? - help, Shift-Dir - straight line, f/p - kobold brigand
Aim: a kobold brigand, wielding a +0 short sword and quivering poisoned darts (moderately wounded, very poisoned, slow, chance to affect: 46%)
The kobold brigand resists with some effort.
You feel sick.
The kobold brigand throws a poisoned dart.
The poisoned dart hits you!
You are more poisoned.
Aiming: Paralyse
Press: ? - help, Shift-Dir - straight line, f/p - kobold brigand
Aim: a kobold brigand, wielding a +0 short sword and quivering poisoned darts (moderately wounded, very poisoned, slow, chance to affect: 46%)
The kobold brigand resists with some effort.
* * * LOW HITPOINT WARNING * * *
You feel very sick.
Okay, then.
Aiming: Paralyse
Press: ? - help, Shift-Dir - straight line, f/p - kobold brigand
Aim: a kobold brigand, wielding a +0 short sword and quivering poisoned darts (moderately wounded, very poisoned, slow, chance to affect: 46%)
The kobold brigand suddenly stops moving!
You feel very sick.
The kobold brigand throws a curare-tipped dart.
The curare-tipped dart hits you.
You are lethally poisoned!
You have difficulty breathing.
* * * LOW HITPOINT WARNING * * *
You feel as though you will be slow longer.
It was a potion of might.
You feel very mighty all of a sudden.
You die...

(.####≈..≈.#####.≈≈..###
.≈≈≈≈≈≈†..≈≈≈≈≈≈≈.∩..≈≈≈
≈.####.....#####≈..≈.###
##.≈≈## ##≈..## ##≈##
##≈## #≈# #≈# #≈# #≈#
##≈## ##≈## ##@.≈##
##.≈.##
!≈#####K...≈#####..≈.≈#
≈K≈..(.K≈...≈≈≈≈†.≈.≈.#
.K#####≈....#####≈.≈..#
##≈.≈## ##.≈.## #####
#####


You could see 2 kobold brigands.

Vanquished Creatures
  An ogre (D:3)
  2 river rats (Sewer)
  6 adders
  An ufetubus (D:4)
  4 dart slugs
  7 ball pythons
  8 bats
  8 endoplasms
  3 giant cockroaches
  2 hobgoblins
  2 quokkas
  A frilled lizard (D:2)
  5 goblins
  16 kobolds
  6 rats
72 creatures vanquished.

Vanquished Creatures (others)
  9 fungi (D:2)
  11 plants (D:2)
  5 toadstools (D:2)
25 creatures vanquished.

Grand Total: 97 creatures vanquished

Notes
Turn   | Place    | Note
-------+----------+-------------------------------------------
     0 | D:1      | tilp the Vine Stalker Brigand began the quest for the Orb.
     0 | D:1      | Reached XP level 1. HP: 11/11 MP: 2/2
    57 | D:1      | Reached skill level 2 in Short Blades
   202 | D:1      | Reached XP level 2. HP: 15/15 MP: 3/3
   418 | D:1      | Found a faded altar of an unknown god.
   601 | D:1      | Reached skill level 3 in Short Blades
   606 | D:1      | Reached XP level 3. HP: 14/18 MP: 4/4
  1691 | D:2      | Gained mutation: Your natural rate of healing is unusually
                  | fast. [Vine Stalker growth]
  1691 | D:2      | Reached XP level 4. HP: 23/23 MP: 5/5
  2196 | D:3      | Reached skill level 4 in Short Blades
  2252 | D:3      | Noticed an ogre
  2730 | D:3      | Killed an ogre
  2731 | D:3      | Reached skill level 5 in Short Blades
  2731 | D:3      | Reached XP level 5. HP: 26/26 MP: 6/6
  2977 | D:4      | Found a glowing drain.
  3009 | Sewer    | Entered a sewer
  3103 | Sewer    | Reached XP level 6. HP: 30/30 MP: 5/7
  3240 | Sewer    | HP: 1/30 [asphyx]
  3241 | Sewer    | Succumbed to kobold brigand's curare-tipped dart

Illustrated notes

Levels and vault maps discovered:
D:1:      erik_arrival_blinker_ship, layout_loops_ring,
          shapermc_ecumenical_altar_starsandcircs
D:2:      layout_loops_ring, chequers_big_river, minmay_gold_behind_fungi,
          kennysheep_generic_room_5
D:3:      layout_basic
D:4:      layout_cave_pods, portal_sewer_entry_b, dk_vineyard_2, hex_large,
          grunt_decor_cap
Sewer:    sewer_co_15_rooms

Skill      XL: |  1  2  3  4 |
---------------+-------------+-----
Short Blades   | 2 3 5 |  5.7
Fighting       | |  1.7
Throwing       | |  1.7
Dodging        | |  0.7
Stealth        | |  4.8

Action                   |  1- 3 |  4- 6 || total
-------------------------+-------+-------++-------
Melee: Dagger            |    97 |   136 ||   233
       Bite              |    17 |    31 ||    48
Throw: Dart              |       |    15 ||    15
Evoke: Wand              |       |     3 ||     3
  Use: Scroll            |       |     5 ||     5
       Potion            |       |     1 ||     1
 Stab: Sleeping          |     8 |     3 ||    11
Armor: Robe              |    14 |       ||    14
       Ring mail         |    26 |    56 ||    82
Dodge: Dodged            |    27 |    50 ||    77

Table legend: (Time is in decaauts)
 A = Elapsed time spent in this place.
 B = Non-inter-level travel time spent in this place.
 C = Inter-level travel time spent in this place.
 D = Time resting spent in this place.
 E = Time spent auto-exploring this place.
 F = Levels seen in this place.
 G = Mean time per level.
                   A        B        C        D        E       F      G
               +--------+--------+--------+--------+--------+-----+--------+
         Total |   3252 |   3051 |    201 |    216 |   2227 |   5 |  650.4 |
       Dungeon |   2994 |   2793 |    201 |    194 |   2116 |   4 |  748.5 |
         Sewer |    257 |    257 |      0 |     22 |    111 |   1 |  257.0 |
               +--------+--------+--------+--------+--------+-----+--------+

Top non-repeatable levels by time:
     D:2: 1275 daAuts
     D:1: 986 daAuts
     D:3: 603 daAuts
   Sewer: 257 daAuts
     D:4: 129 daAuts
